 Dungeon Crawl Stone Soup version 0.28-b1-1-g3c77fb2ed1 (webtiles) character file.

Game seed: 1627350294705805788

81 Devinter the Slasher (level 4, -1/35 HPs)
             Began as a Demonspawn Gladiator on Jan 28, 2022.
             Slain by a gnoll (12 damage)
             ... on level 2 of the Dungeon.
             The game lasted 00:10:30 (1806 turns).

Devinter the Slasher (Demonspawn Gladiator)         Turns: 1806, Time: 00:10:30

Health: -1/35      AC:  4    Str: 14    XL:     4   Next: 20%
Magic:  4/4        EV: 12    Int:  9    God:
Gold:   114        SH:  0    Dex: 17    Spells: 3/3 levels left

rFire   . . .      SeeInvis .   a - +0 long sword
rCold   . . .      Faith    .   (no shield)
rNeg    . . .      Spirit   .   b - +0 leather armour
rPois   .          Reflect  .   c - +0 helmet
rElec   .          Harm     .   (no cloak)
rCorr   .          Rampage  .   (no gloves)
Will    .....                   (no boots)
Stlth   +.........              (no amulet)
HPRegen 0.11/turn               g - ring of wizardry
MPRegen 0.09/turn               (no ring)

@: no status effects
A: demonic magic 1, weakness stinger 1
a: no special abilities


You were on level 2 of the Dungeon.
You visited 1 branch of the dungeon, and saw 2 of its levels.

You collected 114 gold pieces.

Inventory:

Hand Weapons
 a - a +0 long sword (weapon)
Missiles
 d - 3 throwing nets (quivered)
 f - 21 arrows
Armour
 b - a +0 leather armour (worn)
 c - a +0 helmet (worn)
 e - a +0 tower shield
Jewellery
 g - a ring of wizardry (left hand)
Scrolls
 j - a scroll of enchant armour {unknown}
 k - 2 scrolls of identify {unknown}
 l - a scroll of immolation {unknown}
Potions
 h - 2 potions of resistance {unknown}
 i - a potion of degeneration {unknown}


   Skills:
 - Level 3.0 Fighting
 + Level 3.8 Long Blades
 - Level 2.0 Throwing
 - Level 3.0 Dodging


You had 3 spell levels left.
You didn't know any spells.
Your spell library was empty.

Dungeon Overview and Level Annotations

Branches:
Dungeon (2/15)

Altars:


Innate Abilities, Weirdness & Mutations

Spells you cast may paralyse adjacent enemies.
You have a small tail.


Message History

You slash the rat!
You kill the rat!
k - 2 scrolls labelled RISISAZ YKKA (gained 1)
You see here a rat corpse.
You open the door.
There is an open door here.
You see here a +0 leather armour.
There is an open door here.
There is an open door here.
There is an open door here.
A kobold comes into view. It is wielding a +0 short sword.
The kobold shouts!
Found an escape hatch in the ceiling.
The kobold misses you.
You slash the kobold!
You kill the kobold!
You see here a +0 short sword.
Found a stone staircase leading down.
Found an escape hatch in the floor.
There is a stone staircase leading down here.
There is a stone staircase leading down here.
The gnoll shouts!
You hear a shout!
You slash the gnoll!
The gnoll is heavily wounded.
The gnoll barely misses you.
You hit the gnoll.
The gnoll is severely wounded.
The gnoll hits you with a +0 flail!
You slash the gnoll!
You kill the gnoll!
Things that are here:
a +0 flail; a gnoll corpse The gnoll hits you with a +0 halberd!
* * * LOW HITPOINT WARNING * * *
You hit the gnoll.
The gnoll is heavily wounded.
The gnoll hits you with a +0 halberd.
* * * LOW HITPOINT WARNING * * *
The gnoll hits you with a +0 halberd!
You die...

#..# #..# #..#
...# #..## #...#
#....####### #...#
#....#.....# ....#
#....#.###)# #.#.#
#....#.# #@# #.#.#
#....#.# #g# #.#.#
#......# #.# ..#.#
#......# #.#
..#.###.###..# #.#
..#...#.#....###.#
..###.#...#.#....#
..# #.......#g####
#.# #......##.####


You could see a gnoll.

Vanquished Creatures
  An adder (D:2)
  A gnoll (D:2)
  3 worms (D:2)
  A dart slug (D:1)
  An orc (D:2)
  3 endoplasms (D:1)
  A giant cockroach (D:1)
  6 goblins
  4 hobgoblins
  2 jackals (D:1)
  6 kobolds
  2 quokkas
  2 ball pythons (D:1)
  6 bats
  4 frilled lizards (D:1)
  6 rats
49 creatures vanquished.

Notes
Turn   | Place    | Note
-------+----------+-------------------------------------------
     0 | D:1      | Devinter the Demonspawn Gladiator began the quest for the
                  | Orb.
     0 | D:1      | Reached XP level 1. HP: 16/16 MP: 1/1
   120 | D:1      | Reached skill level 2 in Throwing
   205 | D:1      | Gained mutation: You have a small tail. [demonic ancestry]
   205 | D:1      | Reached XP level 2. HP: 22/22 MP: 2/2
   364 | D:1      | Reached skill level 3 in Dodging
   370 | D:1      | Reached skill level 3 in Long Blades
   650 | D:1      | Reached XP level 3. HP: 23/28 MP: 3/3
   718 | D:1      | Reached skill level 3 in Fighting
  1585 | D:2      | Gained mutation: Spells you cast may paralyse adjacent
                  | enemies. [demonic ancestry]
  1585 | D:2      | Reached XP level 4. HP: 35/35 MP: 4/4
  1806 | D:2      | Slain by a gnoll

Illustrated notes

Levels and vault maps discovered:
D:1:      evilmike_arrival_plus, layout_loops_ring
D:2:      layout_basic, st_stairs_12

Skill      XL: |  1  2  3 |
---------------+----------+-----
Throwing       | 2 |  2.0
Dodging        | 3 |  3.0
Long Blades    | 3 |  3.8
Fighting       | 3 |  3.0

Action                   |  1- 3 |  4- 6 || total
-------------------------+-------+-------++-------
Melee: Long sword        |   114 |    11 ||   125
       Tailslap          |    13 |     1 ||    14
 Stab: Sleeping          |     3 |       ||     3
Armor: Leather armour    |    31 |       ||    31
Dodge: Dodged            |    55 |     5 ||    60
